Detroit Red Wings vs New York Rangers
Created - Friday, May 19, 2023 at 07:04
Goals
|
| Detroit Red Wings |
2 |
0 |
0 |
2 |
| New York Rangers |
0 |
0 |
0 |
0 |
|
Shots
|
| Detroit Red Wings |
14 |
9 |
14 |
37 |
| New York Rangers |
14 |
5 |
6 |
25 |
|
1st period
1. Detroit Red Wings , Sean Couturier 16 (Mika Zibanejad 30) at 8:09
2. Detroit Red Wings , Jared McCann 19 (Mika Zibanejad 31) at 13:05
Penalties :
Arthur Kaliyev (DET) for Hooking (Minor) at 1:55
2nd period
No Goal
Penalties :
Mark Giordano (NYR) for Holding (Minor) at 4:38, Adam Larsson (NYR) for Hooking (Minor) at 13:49
3rd period
No Goal
Penalties :
Mark Giordano (NYR) for Goalie Interference (Minor) at 0:45, David Kampf (NYR) for Charging (Minor) at 2:52, Adam Larsson (NYR) for Holding Stick (Minor) at 3:36, Jared McCann (DET) for Hooking (Minor) at 12:01, Adam Larsson (NYR) for Hooking (Minor) at 14:29
Goalie Stats
Semyon Varlamov (DET), 25 saves from 25 shots - (1.000), W, 19-10-3, 60:00 minutes
Igor Shesterkin (NYR), 35 saves from 37 shots - (0.946), L, 15-17-3, 60:00 minutes
Players Stats for Detroit Red Wings
Player Name G A P +/- PIM S H SB GA TA FO MP PP MP PK MP
------------------------------------------------------------------------------------
Arthur Kaliyev 0 0 0 0 2 2 2 1 0 1 0/2 15:46 0:00 0:00
Auston Matthews 0 0 0 0 0 5 0 1 1 1 18/34 22:38 5:20 1:49
Brock Nelson 0 0 0 0 0 3 1 0 1 0 7/10 17:35 5:20 1:49
Daniel Sprong 0 0 0 0 0 2 0 0 0 0 0/0 6:48 0:00 0:00
Jamie Drysdale 0 0 0 0 0 1 0 0 0 0 0/0 18:51 5:14 0:00
Jared McCann 1 0 1 2 2 3 0 0 2 0 0/0 18:15 5:19 0:00
Jason Spezza 0 0 0 0 0 0 0 0 0 1 0/2 7:00 0:00 0:00
Jason Zucker 0 0 0 0 0 0 2 1 1 0 0/0 6:35 0:00 0:00
Jonathan Huberdeau 0 0 0 0 0 3 2 0 0 0 0/1 20:13 5:20 0:00
Keith Yandle 0 0 0 0 0 1 0 0 0 0 0/0 9:47 0:00 0:00
Kris Letang 0 0 0 1 0 1 0 1 0 1 0/0 29:08 5:25 2:11
MacKenzie Weegar 0 0 0 1 0 1 2 0 2 0 0/0 25:45 5:25 2:11
Michael Del Zotto 0 0 0 1 0 1 0 1 0 1 0/0 15:24 0:00 1:47
Mika Zibanejad 0 2 2 2 0 5 1 0 1 0 14/18 20:25 5:19 2:09
Nick Ritchie 0 0 0 0 0 0 1 0 0 0 1/1 10:09 0:00 0:00
Sean Couturier 1 0 1 2 0 5 1 0 0 0 2/4 20:27 5:19 2:09
Shayne Gostisbehere 0 0 0 1 0 0 1 0 0 0 0/0 21:05 5:14 1:47
Tyler Ennis 0 0 0 0 0 4 2 0 0 0 0/0 10:09 0:00 0:00
Players Stats for New York Rangers
Player Name G A P +/- PIM S H SB GA TA FO MP PP MP PK MP
------------------------------------------------------------------------------------
Adam Larsson 0 0 0 0 6 1 1 1 0 1 0/0 19:08 1:39 2:33
Andre Burakovsky 0 0 0 -1 0 0 1 0 0 1 0/1 14:14 1:55 0:00
Blake Wheeler 0 0 0 -1 0 2 0 0 0 0 0/0 19:01 2:03 4:36
Cam Fowler 0 0 0 -1 0 2 1 1 0 2 0/0 24:34 2:19 6:04
Carl Hagelin 0 0 0 0 0 2 2 0 0 0 0/0 8:11 0:00 0:00
Cole Caufield 0 0 0 0 0 0 0 1 0 0 0/0 10:45 0:00 0:00
Conor Garland 0 0 0 -1 0 0 1 0 0 0 0/0 13:41 0:00 0:00
David Kampf 0 0 0 0 2 0 0 0 0 0 1/4 7:57 0:00 0:03
Dmitry Kulikov 0 0 0 -1 0 0 3 2 0 1 0/0 15:28 0:00 0:00
Eric Robinson 0 0 0 0 0 0 2 0 0 1 0/1 10:45 0:00 0:00
Jake McCabe 0 0 0 0 0 1 0 0 0 0 0/0 21:50 1:39 5:50
Mark Giordano 0 0 0 -1 4 0 0 1 1 0 0/0 20:26 2:19 2:10
Matt Benning 0 0 0 -1 0 0 4 2 0 0 0/0 19:12 0:00 4:40
Mikael Granlund 0 0 0 0 0 2 3 0 0 0 7/16 17:27 2:03 4:36
Nathan MacKinnon 0 0 0 -1 0 4 3 0 1 1 13/25 20:36 2:03 5:34
Patrice Bergeron 0 0 0 -1 0 4 1 0 2 1 8/22 21:14 1:55 5:14
T.J. Oshie 0 0 0 -1 0 3 3 0 1 0 1/2 15:36 1:55 0:00
Tyler Motte 0 0 0 0 0 4 1 2 0 0 0/1 7:55 0:00 0:00
3 Stars
1 - Semyon Varlamov (DET)
2 - Mika Zibanejad (DET)
3 - Sean Couturier (DET)
Power Play
Detroit Red Wings - 0 on 6 Attempt(s) - 0.00%
New York Rangers - 0 on 2 Attempt(s) - 0.00%
Penalty Kill
Detroit Red Wings - 2 on 2 Attempt(s) - 100.00%
- Score 0 goal in Penalty Kill
New York Rangers - 6 on 6 Attempt(s) - 100.00%
- Score 0 goal in Penalty Kill
Team Stat
Detroit Red Wings - Hits : 15 - Faceoff Wins : 42 - Blocked Shots : 5 - Penalty Minutes : 4
New York Rangers - Hits : 26 - Faceoff Wins : 30 - Blocked Shots : 10 - Penalty Minutes : 12
Official
Referees : Ian Walsh and Graham Skiliter
Linesman : Brian Murphy and Kiel Murchison
Game Notes
No Game Note
Finance
Level 1 -- Attendance: 4884 (81.40%) -- Ticket Income $498,168
Level 2 -- Attendance: 3959 (79.18%) -- Ticket Income $249,417
Level 3 -- Attendance: 2226 (74.20%) -- Ticket Income $91,266
Level 4 -- Attendance: 3413 (68.26%) -- Ticket Income $95,564
Luxury Box -- Attendance: 904 (90.40%) -- Ticket Income $176,280
Game was played at the Madison Square Garden.
Total Attendance: 15386 (76.93%)
Total Ticket Income: $1,110,695
Other Income: $388,743
Total Income: $1,499,438
Detroit Red Wings
5 vs 5 Forward
Center Left Wing Right Wing Time % Phy DF OF
1 Auston Matthews Jonathan Huberdeau Arthur Kaliyev 40 1 2 2
2 Mika Zibanejad Jared McCann Sean Couturier 30 1 2 2
3 Brock Nelson Tyler Ennis Nick Ritchie 20 1 2 2
4 Jason Spezza Jason Zucker Daniel Sprong 10 1 2 2
5 vs 5 Defense
Defense Defense Time % Phy DF OF
1 Kris Letang MacKenzie Weegar 40 1 2 2
2 Michael Del Zotto Shayne Gostisbehere 30 1 2 2
3 Jamie Drysdale Keith Yandle 20 1 2 2
4 Kris Letang Jamie Drysdale 10 1 2 2
PowerPlay Forward
Center Left Wing Right Wing Time % Phy DF OF
1 Auston Matthews Jonathan Huberdeau Brock Nelson 50 1 2 2
2 Mika Zibanejad Jared McCann Sean Couturier 50 1 2 2
PowerPlay Defense
Defense Defense Time % Phy DF OF
1 Kris Letang MacKenzie Weegar 50 1 2 2
2 Shayne Gostisbehere Jamie Drysdale 50 1 2 2
Penalty Kill 4 Players Forward
Center Wing Time % Phy DF OF
1 Auston Matthews Brock Nelson 50 1 2 2
2 Mika Zibanejad Sean Couturier 50 1 2 2
Penalty Kill 4 Players Defense
Defense Defense Time % Phy DF OF
1 Kris Letang MacKenzie Weegar 50 1 2 2
2 Shayne Gostisbehere Michael Del Zotto 50 1 2 2
Penalty Kill - 3 Players Forward
Forward Time % Phy DF OF
1 Mika Zibanejad 50 1 2 2
2 Sean Couturier 50 1 2 2
Penalty Kill - 3 Players Defense
Defense Defense Time % Phy DF OF
1 Kris Letang MacKenzie Weegar 50 1 2 2
2 Shayne Gostisbehere Jamie Drysdale 50 1 2 2
4 vs 4 Forward
Center Wing Time % Phy DF OF
1 Auston Matthews Jonathan Huberdeau 60 1 2 2
2 Mika Zibanejad Sean Couturier 40 1 2 2
4 vs 4 Defense
Defense Defense Time % Phy DF OF
1 Kris Letang MacKenzie Weegar 60 1 2 2
2 Shayne Gostisbehere Jamie Drysdale 40 1 2 2
Last Minutes Offensive
Center Left Wing Right Wing Defense Defense
Auston Matthews Jonathan Huberdeau Mika Zibanejad Kris Letang MacKenzie Weegar
Last Minutes Defensive
Center Left Wing Right Wing Defense Defense
Auston Matthews Sean Couturier Mika Zibanejad Kris Letang MacKenzie Weegar
Goaltenders
Starting : Semyon Varlamov
Backup : Sergei Bobrovsky
Extra Forwards
Normal : Sean Couturier, Daniel Sprong, Arthur Kaliyev - PP : Jason Spezza, Nick Ritchie - PK : Jason Spezza
Extra Defensemen
Normal : Michael Del Zotto, Keith Yandle, Shayne Gostisbehere - PP : Keith Yandle - PK : Michael Del Zotto, Keith Yandle
Penalty Shots
Mika Zibanejad, Jonathan Huberdeau, Auston Matthews, Sean Couturier, Kris Letang
New York Rangers
5 vs 5 Forward
Center Left Wing Right Wing Time % Phy DF OF
1 Nathan MacKinnon Andre Burakovsky Blake Wheeler 30 1 2 2
2 Patrice Bergeron Conor Garland T.J. Oshie 30 1 2 2
3 Mikael Granlund Eric Robinson Cole Caufield 25 1 2 2
4 David Kampf Carl Hagelin Tyler Motte 15 1 2 2
5 vs 5 Defense
Defense Defense Time % Phy DF OF
1 Cam Fowler Mark Giordano 35 1 2 2
2 Adam Larsson Jake McCabe 35 1 2 2
3 Dmitry Kulikov Matt Benning 30 1 2 2
4 Cam Fowler Mark Giordano 0 1 2 2
PowerPlay Forward
Center Left Wing Right Wing Time % Phy DF OF
1 Nathan MacKinnon Mikael Granlund Blake Wheeler 50 1 2 2
2 Patrice Bergeron Andre Burakovsky T.J. Oshie 50 1 2 2
PowerPlay Defense
Defense Defense Time % Phy DF OF
1 Cam Fowler Mark Giordano 50 1 2 2
2 Adam Larsson Jake McCabe 50 1 2 2
Penalty Kill 4 Players Forward
Center Wing Time % Phy DF OF
1 Nathan MacKinnon Patrice Bergeron 50 1 2 2
2 Mikael Granlund Blake Wheeler 50 1 2 2
Penalty Kill 4 Players Defense
Defense Defense Time % Phy DF OF
1 Cam Fowler Mark Giordano 50 1 2 2
2 Adam Larsson Jake McCabe 50 1 2 2
Penalty Kill - 3 Players Forward
Forward Time % Phy DF OF
1 Nathan MacKinnon 50 1 2 2
2 Patrice Bergeron 50 1 2 2
Penalty Kill - 3 Players Defense
Defense Defense Time % Phy DF OF
1 Cam Fowler Mark Giordano 50 1 2 2
2 Adam Larsson Jake McCabe 50 1 2 2
4 vs 4 Forward
Center Wing Time % Phy DF OF
1 Nathan MacKinnon Patrice Bergeron 50 1 2 2
2 Mikael Granlund Blake Wheeler 50 1 2 2
4 vs 4 Defense
Defense Defense Time % Phy DF OF
1 Cam Fowler Mark Giordano 50 1 2 2
2 Adam Larsson Jake McCabe 50 1 2 2
Last Minutes Offensive
Center Left Wing Right Wing Defense Defense
Nathan MacKinnon Mikael Granlund Blake Wheeler Cam Fowler Mark Giordano
Last Minutes Defensive
Center Left Wing Right Wing Defense Defense
Nathan MacKinnon Mikael Granlund Blake Wheeler Cam Fowler Mark Giordano
Goaltenders
Starting : Igor Shesterkin
Backup : Tristan Jarry
Extra Forwards
Normal : Carl Hagelin, Conor Garland, Cole Caufield - PP : Carl Hagelin, Conor Garland - PK : Cole Caufield
Extra Defensemen
Normal : Dmitry Kulikov, Matt Benning, Adam Larsson - PP : Dmitry Kulikov - PK : Matt Benning, Adam Larsson
Penalty Shots
Nathan MacKinnon, Patrice Bergeron, Mikael Granlund, Blake Wheeler, T.J. Oshie
% Time on Ice - Detroit Red Wings
Lines # - Real PCT - Wanted PCT - Time Play
Normal Forward
1 - 34% - 40% - 15:29
2 - 29% - 30% - 13:10
3 - 22% - 20% - 10:09
4 - 15% - 10% - 6:35
Normal Defense
1 - 40% - 40% - 18:09
2 - 34% - 30% - 15:32
3 - 18% - 20% - 8:19
4 - 7% - 10% - 3:23
PP Forward
1 - 50% - 50% - 5:20
2 - 50% - 50% - 5:19
PP Defense
1 - 51% - 50% - 5:25
2 - 49% - 50% - 5:14
PK Forward
1 - 46% - 50% - 1:49
2 - 54% - 50% - 2:09
PK Defense
1 - 55% - 50% - 2:11
2 - 45% - 50% - 1:47
PK3 Forward
1 - 0% - 50%
2 - 0% - 50%
PK3 Defense
1 - 0% - 50%
2 - 0% - 50%
44 Forward
1 - 0% - 60%
2 - 0% - 40%
44 Defense
1 - 0% - 60%
2 - 0% - 40%
Last Minute Offensive - 0:00
Last Minute Defensive - 0:00
Total
Forward - 60:00
Defense - 60:00
|
% Time on Ice - New York Rangers
Lines # - Real PCT - Wanted PCT - Time Play
Normal Forward
1 - 29% - 30% - 12:59
2 - 30% - 30% - 13:44
3 - 24% - 25% - 10:45
4 - 17% - 15% - 7:55
Normal Defense
1 - 36% - 35% - 16:07
2 - 34% - 35% - 15:31
3 - 30% - 30% - 13:45
4 - 0% - 0% - 0:00
PP Forward
1 - 52% - 50% - 2:03
2 - 48% - 50% - 1:55
PP Defense
1 - 58% - 50% - 2:19
2 - 42% - 50% - 1:39
PK Forward
1 - 51% - 50% - 4:48
2 - 49% - 50% - 4:36
PK Defense
1 - 42% - 50% - 3:55
2 - 58% - 50% - 5:29
PK3 Forward
1 - 61% - 50% - 0:46
2 - 39% - 50% - 0:29
PK3 Defense
1 - 60% - 50% - 0:45
2 - 40% - 50% - 0:30
44 Forward
1 - 0% - 50%
2 - 0% - 50%
44 Defense
1 - 0% - 50%
2 - 0% - 50%
Last Minute Offensive - 0:00
Last Minute Defensive - 0:00
Total
Forward - 60:00
Defense - 60:00
|
Play-by-Play
1st period
0:01 of 1st period - Nathan MacKinnon wins face-off versus Auston Matthews in neutral zone.
0:03 of 1st period - Off-side.
0:04 of 1st period - Auston Matthews wins face-off versus Nathan MacKinnon in neutral zone.
0:16 of 1st period - Off-side.
0:17 of 1st period - Mika Zibanejad wins face-off versus Patrice Bergeron in neutral zone.
0:42 of 1st period - Jake McCabe is hit by Tyler Ennis and loses puck.
1:01 of 1st period - Nick Ritchie is hit by Dmitry Kulikov and loses puck.
1:38 of 1st period - Off-side.
1:39 of 1st period - Auston Matthews wins face-off versus Tyler Motte in neutral zone.
1:46 of 1st period - Wrist shot by Auston Matthews.
1:46 of 1st period - Shot Misses the Net.
1:52 of 1st period - Wrist shot by David Kampf.
1:52 of 1st period - Deflect By Tyler Motte.
1:52 of 1st period - Stopped by Semyon Varlamov without a rebound.
1:53 of 1st period - T.J. Oshie wins face-off versus Auston Matthews in Detroit Red Wings zone.
1:55 of 1st period - Minor Penalty to Arthur Kaliyev for Hooking.
1:56 of 1st period - Auston Matthews wins face-off versus Nathan MacKinnon in Detroit Red Wings zone.
2:01 of 1st period - Icing by Cam Fowler.
2:02 of 1st period - Mika Zibanejad wins face-off versus Nathan MacKinnon in New York Rangers zone.
2:07 of 1st period - Slapshot by Sean Couturier.
2:07 of 1st period - Shot Misses the Net.
2:40 of 1st period - Off-side.
2:41 of 1st period - Nathan MacKinnon wins face-off versus Auston Matthews in neutral zone.
3:55 of 1st period - Penalty to Arthur Kaliyev is over, Arthur Kaliyev is back on ice.
5:04 of 1st period - Wrist shot by Nathan MacKinnon.
5:04 of 1st period - Stopped by Semyon Varlamov with a rebound.
5:06 of 1st period - Snap shot by Nathan MacKinnon.
5:06 of 1st period - Stopped by Semyon Varlamov with a rebound.
5:44 of 1st period - Off-side.
5:45 of 1st period - Nathan MacKinnon wins face-off versus Brock Nelson in neutral zone.
5:50 of 1st period - Wrist shot by Nathan MacKinnon.
5:50 of 1st period - Stopped by Semyon Varlamov without a rebound.
5:51 of 1st period - Nathan MacKinnon wins face-off versus Brock Nelson in Detroit Red Wings zone.
6:58 of 1st period - Off-side.
6:59 of 1st period - Mika Zibanejad wins face-off versus Patrice Bergeron in neutral zone.
7:16 of 1st period - Slapshot by Mika Zibanejad.
7:16 of 1st period - Stopped by Igor Shesterkin with a rebound.
8:09 of 1st period - Wrist shot by Sean Couturier.
8:09 of 1st period - Goal by Sean Couturier - Detroit Red Wings : 1 - New York Rangers : 0.
8:10 of 1st period - Patrice Bergeron wins face-off versus Jonathan Huberdeau in neutral zone.
8:13 of 1st period - Snap shot by Patrice Bergeron.
8:13 of 1st period - Stopped by Semyon Varlamov with a rebound.
8:15 of 1st period - Slapshot by T.J. Oshie.
8:15 of 1st period - Stopped by Semyon Varlamov with a rebound.
8:17 of 1st period - Slapshot by Jake McCabe.
8:17 of 1st period - Shot Misses the Net.
8:44 of 1st period - Wrist shot by Jared McCann.
8:44 of 1st period - Shot Misses the Net.
8:59 of 1st period - Icing by Jason Spezza.
9:00 of 1st period - Nathan MacKinnon wins face-off versus Jason Spezza in Detroit Red Wings zone.
9:23 of 1st period - Wrist shot by Daniel Sprong.
9:23 of 1st period - Stopped by Igor Shesterkin without a rebound.
9:24 of 1st period - Auston Matthews wins face-off versus Patrice Bergeron in New York Rangers zone.
9:25 of 1st period - Snap shot by Jonathan Huberdeau.
9:25 of 1st period - Shot Misses the Net.
9:27 of 1st period - Snap shot by Jonathan Huberdeau.
9:27 of 1st period - Shot Blocked by Dmitry Kulikov.
9:29 of 1st period - Snap shot by Auston Matthews.
9:29 of 1st period - Stopped by Igor Shesterkin with a rebound.
9:35 of 1st period - Snap shot by Auston Matthews.
9:35 of 1st period - Deflect By Jonathan Huberdeau.
9:35 of 1st period - Stopped by Igor Shesterkin without a rebound.
9:36 of 1st period - Patrice Bergeron wins face-off versus Mika Zibanejad in New York Rangers zone.
9:45 of 1st period - Snap shot by Jared McCann.
9:45 of 1st period - Deflect By Sean Couturier.
9:45 of 1st period - Shot Misses the Net.
9:45 of 1st period - Puck is out of play.
9:46 of 1st period - Sean Couturier wins face-off versus Patrice Bergeron in New York Rangers zone.
10:13 of 1st period - Backhand shot by Mika Zibanejad.
10:13 of 1st period - Shot Misses the Net.
10:25 of 1st period - Backhand shot by Jared McCann.
10:25 of 1st period - Shot Misses the Net.
10:27 of 1st period - Snap shot by Sean Couturier.
10:27 of 1st period - Stopped by Igor Shesterkin without a rebound.
10:28 of 1st period - Mikael Granlund wins face-off versus Auston Matthews in New York Rangers zone.
10:33 of 1st period - Snap shot by Mikael Granlund.
10:33 of 1st period - Shot Misses the Net.
11:00 of 1st period - Brock Nelson is hit by Carl Hagelin and loses puck.
11:25 of 1st period - Wrist shot by Jason Zucker.
11:25 of 1st period - Shot Misses the Net.
11:27 of 1st period - Snap shot by Jamie Drysdale.
11:27 of 1st period - Shot Blocked by Adam Larsson.
11:29 of 1st period - Slapshot by Jason Spezza.
11:29 of 1st period - Shot Misses the Net.
12:05 of 1st period - Wrist shot by Mikael Granlund.
12:05 of 1st period - Shot Misses the Net.
12:09 of 1st period - Snap shot by Cole Caufield.
12:09 of 1st period - Deflect By Mikael Granlund.
12:09 of 1st period - Stopped by Semyon Varlamov without a rebound.
12:10 of 1st period - Patrice Bergeron wins face-off versus Auston Matthews in Detroit Red Wings zone.
12:20 of 1st period - Wrist shot by Jonathan Huberdeau.
12:20 of 1st period - Stopped by Igor Shesterkin without a rebound.
12:21 of 1st period - Mikael Granlund wins face-off versus Auston Matthews in New York Rangers zone.
12:38 of 1st period - Kris Letang is hit by Eric Robinson and loses puck.
12:53 of 1st period - Slapshot by Nathan MacKinnon.
12:53 of 1st period - Stopped by Semyon Varlamov without a rebound.
12:54 of 1st period - Nathan MacKinnon wins face-off versus Mika Zibanejad in Detroit Red Wings zone.
13:03 of 1st period - Snap shot by Jared McCann.
13:03 of 1st period - Shot Blocked by Mark Giordano.
13:05 of 1st period - Wrist shot by Jared McCann.
13:05 of 1st period - Goal by Jared McCann - Detroit Red Wings : 2 - New York Rangers : 0.
13:06 of 1st period - Auston Matthews wins face-off versus Mikael Granlund in neutral zone.
13:31 of 1st period - Kris Letang is hit by T.J. Oshie and loses puck.
14:03 of 1st period - Off-side.
14:04 of 1st period - Auston Matthews wins face-off versus Mikael Granlund in neutral zone.
14:13 of 1st period - Snap shot by Jonathan Huberdeau.
14:13 of 1st period - Deflect By Auston Matthews.
14:13 of 1st period - Stopped by Igor Shesterkin with a rebound.
14:29 of 1st period - Mika Zibanejad is hit by Dmitry Kulikov and loses puck.
14:48 of 1st period - Snap shot by Tyler Ennis.
14:48 of 1st period - Stopped by Igor Shesterkin with a rebound.
14:50 of 1st period - Slapshot by Michael Del Zotto.
14:50 of 1st period - Shot Blocked by Tyler Motte.
15:12 of 1st period - Snap shot by Blake Wheeler.
15:12 of 1st period - Stopped by Semyon Varlamov with a rebound.
15:52 of 1st period - Mark Giordano is hit by MacKenzie Weegar and loses puck.
16:18 of 1st period - Wrist shot by Tyler Motte.
16:18 of 1st period - Stopped by Semyon Varlamov with a rebound.
16:20 of 1st period - Snap shot by Jake McCabe.
16:20 of 1st period - Shot Misses the Net.
16:22 of 1st period - Snap shot by Carl Hagelin.
16:22 of 1st period - Stopped by Semyon Varlamov without a rebound.
16:23 of 1st period - Nathan MacKinnon wins face-off versus Auston Matthews in Detroit Red Wings zone.
17:09 of 1st period - Sean Couturier is hit by Patrice Bergeron and loses puck.
17:26 of 1st period - Snap shot by Cole Caufield.
17:26 of 1st period - Shot Misses the Net.
17:28 of 1st period - Wrist shot by Cole Caufield.
17:28 of 1st period - Shot Misses the Net.
17:30 of 1st period - Slapshot by Adam Larsson.
17:30 of 1st period - Deflect By Shayne Gostisbehere.
17:30 of 1st period - Stopped by Semyon Varlamov with a rebound.
17:46 of 1st period - Slapshot by David Kampf.
17:46 of 1st period - Shot Blocked by Michael Del Zotto.
17:48 of 1st period - Wrist shot by Carl Hagelin.
17:48 of 1st period - Stopped by Semyon Varlamov without a rebound.
17:49 of 1st period - Auston Matthews wins face-off versus Patrice Bergeron in Detroit Red Wings zone.
18:04 of 1st period - MacKenzie Weegar is hit by Matt Benning and loses puck.
18:21 of 1st period - Conor Garland is hit by Nick Ritchie and loses puck.
18:35 of 1st period - Brock Nelson is hit by T.J. Oshie and loses puck.
18:42 of 1st period - Snap shot by Patrice Bergeron.
18:42 of 1st period - Stopped by Semyon Varlamov without a rebound.
18:43 of 1st period - Nathan MacKinnon wins face-off versus Sean Couturier in Detroit Red Wings zone.
19:15 of 1st period - Snap shot by Cole Caufield.
19:15 of 1st period - Shot Misses the Net.
19:17 of 1st period - Slapshot by Jake McCabe.
19:17 of 1st period - Shot Misses the Net.
19:19 of 1st period - Snap shot by Adam Larsson.
19:19 of 1st period - Shot Blocked by Kris Letang.
19:21 of 1st period - Wrist shot by Cole Caufield.
19:21 of 1st period - Shot Blocked by Arthur Kaliyev.
19:44 of 1st period - Snap shot by Nick Ritchie.
19:44 of 1st period - Deflect By Tyler Ennis.
19:44 of 1st period - Shot Blocked by Tyler Motte.
19:44 of 1st period - Puck is out of play.
19:45 of 1st period - Mika Zibanejad wins face-off versus David Kampf in New York Rangers zone.
19:46 of 1st period - Wrist shot by Sean Couturier.
19:46 of 1st period - Stopped by Igor Shesterkin without a rebound.
19:47 of 1st period - Mika Zibanejad wins face-off versus Nathan MacKinnon in New York Rangers zone.
19:54 of 1st period - Slapshot by Sean Couturier.
19:54 of 1st period - Stopped by Igor Shesterkin with a rebound.
19:56 of 1st period - Snap shot by Shayne Gostisbehere.
19:56 of 1st period - Deflect By Mika Zibanejad.
19:56 of 1st period - Stopped by Igor Shesterkin with a rebound.
19:58 of 1st period - Wrist shot by Sean Couturier.
19:58 of 1st period - Stopped by Igor Shesterkin without a rebound.
19:59 of 1st period - Mikael Granlund wins face-off versus Auston Matthews in New York Rangers zone.
Goals for this period are 2 for Detroit Red Wings vs 0 for New York Rangers.
Shots for this period are 14 for Detroit Red Wings vs 14 for New York Rangers.
2nd period
0:01 of 2nd period - Mikael Granlund wins face-off versus Auston Matthews in neutral zone.
0:49 of 2nd period - Wrist shot by Jason Zucker.
0:49 of 2nd period - Shot Blocked by Cam Fowler.
0:51 of 2nd period - Slapshot by MacKenzie Weegar.
0:51 of 2nd period - Shot Misses the Net.
0:53 of 2nd period - Slapshot by MacKenzie Weegar.
0:53 of 2nd period - Stopped by Igor Shesterkin with a rebound.
0:55 of 2nd period - Wrist shot by Daniel Sprong.
0:55 of 2nd period - Stopped by Igor Shesterkin without a rebound.
0:56 of 2nd period - Patrice Bergeron wins face-off versus Auston Matthews in New York Rangers zone.
1:43 of 2nd period - Mikael Granlund is hit by Shayne Gostisbehere and loses puck.
1:51 of 2nd period - Off-side.
1:52 of 2nd period - Nathan MacKinnon wins face-off versus Arthur Kaliyev in neutral zone.
2:49 of 2nd period - MacKenzie Weegar is hit by Tyler Motte and loses puck.
3:02 of 2nd period - T.J. Oshie is hit by Jonathan Huberdeau and loses puck.
3:09 of 2nd period - Wrist shot by T.J. Oshie.
3:09 of 2nd period - Shot Misses the Net.
3:29 of 2nd period - Nathan MacKinnon is hit by Jason Zucker.
4:03 of 2nd period - Slapshot by Kris Letang.
4:03 of 2nd period - Stopped by Igor Shesterkin without a rebound.
4:04 of 2nd period - Brock Nelson wins face-off versus David Kampf in New York Rangers zone.
4:31 of 2nd period - Wrist shot by T.J. Oshie.
4:31 of 2nd period - Deflect By Jonathan Huberdeau.
4:31 of 2nd period - Shot Misses the Net.
4:31 of 2nd period - Puck is out of play.
4:32 of 2nd period - Patrice Bergeron wins face-off versus Auston Matthews in Detroit Red Wings zone.
4:38 of 2nd period - Minor Penalty to Mark Giordano for Holding.
4:39 of 2nd period - Auston Matthews wins face-off versus Nathan MacKinnon in New York Rangers zone.
5:05 of 2nd period - Shayne Gostisbehere is hit by Matt Benning and loses puck.
5:12 of 2nd period - Nathan MacKinnon is hit by Sean Couturier.
6:38 of 2nd period - Penalty to Mark Giordano is over, Mark Giordano is back on ice.
7:58 of 2nd period - Jared McCann is hit by Eric Robinson and loses puck.
8:11 of 2nd period - Wrist shot by Daniel Sprong.
8:11 of 2nd period - Shot Misses the Net.
8:17 of 2nd period - Jason Spezza is hit by Dmitry Kulikov and loses puck.
8:30 of 2nd period - Snap shot by Auston Matthews.
8:30 of 2nd period - Stopped by Igor Shesterkin with a rebound.
9:02 of 2nd period - Mikael Granlund is hit by Brock Nelson and loses puck.
9:09 of 2nd period - Slapshot by Jake McCabe.
9:09 of 2nd period - Stopped by Semyon Varlamov without a rebound.
9:10 of 2nd period - David Kampf wins face-off versus Jason Spezza in Detroit Red Wings zone.
9:13 of 2nd period - Slapshot by Carl Hagelin.
9:13 of 2nd period - Shot Misses the Net.
9:37 of 2nd period - Cam Fowler is hit by MacKenzie Weegar and loses puck.
10:32 of 2nd period - Slapshot by Cole Caufield.
10:32 of 2nd period - Deflect By Tyler Ennis.
10:32 of 2nd period - Shot Misses the Net.
10:32 of 2nd period - Puck is out of play.
10:33 of 2nd period - Auston Matthews wins face-off versus Nathan MacKinnon in Detroit Red Wings zone.
11:30 of 2nd period - Slapshot by Brock Nelson.
11:30 of 2nd period - Shot Blocked by Matt Benning.
11:32 of 2nd period - Snap shot by Brock Nelson.
11:32 of 2nd period - Stopped by Igor Shesterkin without a rebound.
11:33 of 2nd period - Auston Matthews wins face-off versus Nathan MacKinnon in New York Rangers zone.
11:36 of 2nd period - Wrist shot by Jonathan Huberdeau.
11:36 of 2nd period - Stopped by Igor Shesterkin without a rebound.
11:37 of 2nd period - Auston Matthews wins face-off versus Nathan MacKinnon in New York Rangers zone.
11:46 of 2nd period - Arthur Kaliyev is hit by Matt Benning.
12:30 of 2nd period - Wrist shot by Eric Robinson.
12:30 of 2nd period - Shot Misses the Net.
12:32 of 2nd period - Slapshot by Cole Caufield.
12:32 of 2nd period - Shot Misses the Net.
12:34 of 2nd period - Snap shot by Mikael Granlund.
12:34 of 2nd period - Shot Misses the Net.
12:36 of 2nd period - Slapshot by Dmitry Kulikov.
12:36 of 2nd period - Deflect By Mikael Granlund.
12:36 of 2nd period - Shot Misses the Net.
12:36 of 2nd period - Puck is out of play.
12:37 of 2nd period - Auston Matthews wins face-off versus Nathan MacKinnon in Detroit Red Wings zone.
12:37 of 2nd period - Auston Matthews is hit by Andre Burakovsky.
12:53 of 2nd period - Wrist shot by Jonathan Huberdeau.
12:53 of 2nd period - Shot Misses the Net.
13:31 of 2nd period - Snap shot by Brock Nelson.
13:31 of 2nd period - Stopped by Igor Shesterkin with a rebound.
13:33 of 2nd period - Wrist shot by Tyler Ennis.
13:33 of 2nd period - Stopped by Igor Shesterkin without a rebound.
13:34 of 2nd period - Auston Matthews wins face-off versus Andre Burakovsky in New York Rangers zone.
13:45 of 2nd period - Snap shot by Auston Matthews.
13:45 of 2nd period - Stopped by Igor Shesterkin without a rebound.
13:46 of 2nd period - Auston Matthews wins face-off versus Patrice Bergeron in New York Rangers zone.
13:47 of 2nd period - Snap shot by Jonathan Huberdeau.
13:47 of 2nd period - Shot Misses the Net.
13:49 of 2nd period - Minor Penalty to Adam Larsson for Hooking.
13:50 of 2nd period - Mika Zibanejad wins face-off versus Mikael Granlund in New York Rangers zone.
13:51 of 2nd period - Snap shot by Jared McCann.
13:51 of 2nd period - Shot Blocked by Matt Benning.
14:00 of 2nd period - Off-side.
14:01 of 2nd period - Brock Nelson wins face-off versus Nathan MacKinnon in neutral zone.
14:17 of 2nd period - Snap shot by Auston Matthews.
14:17 of 2nd period - Shot Misses the Net.
14:27 of 2nd period - MacKenzie Weegar is hit by Mikael Granlund and loses puck.
15:49 of 2nd period - Penalty to Adam Larsson is over, Adam Larsson is back on ice.
15:49 of 2nd period - Icing by Cam Fowler.
15:50 of 2nd period - Nathan MacKinnon wins face-off versus Sean Couturier in New York Rangers zone.
15:55 of 2nd period - Snap shot by Daniel Sprong.
15:55 of 2nd period - Shot Misses the Net.
16:04 of 2nd period - Icing by Cam Fowler.
16:05 of 2nd period - Mika Zibanejad wins face-off versus David Kampf in New York Rangers zone.
16:08 of 2nd period - Slapshot by Jared McCann.
16:08 of 2nd period - Shot Misses the Net.
16:18 of 2nd period - Snap shot by Tyler Motte.
16:18 of 2nd period - Stopped by Semyon Varlamov with a rebound.
16:20 of 2nd period - Wrist shot by Tyler Motte.
16:20 of 2nd period - Stopped by Semyon Varlamov with a rebound.
16:22 of 2nd period - Slapshot by Cam Fowler.
16:22 of 2nd period - Deflect By Mika Zibanejad.
16:22 of 2nd period - Stopped by Semyon Varlamov without a rebound.
16:23 of 2nd period - Nathan MacKinnon wins face-off versus Arthur Kaliyev in Detroit Red Wings zone.
17:11 of 2nd period - Tyler Ennis is hit by Mikael Granlund and loses puck.
17:30 of 2nd period - David Kampf is hit by Jason Zucker and loses puck.
17:41 of 2nd period - Michael Del Zotto is hit by Matt Benning and loses puck.
17:54 of 2nd period - Wrist shot by Blake Wheeler.
17:54 of 2nd period - Shot Misses the Net.
18:14 of 2nd period - Wrist shot by Sean Couturier.
18:14 of 2nd period - Deflect By Mika Zibanejad.
18:14 of 2nd period - Shot Blocked by Dmitry Kulikov.
18:14 of 2nd period - Puck is out of play.
18:15 of 2nd period - Patrice Bergeron wins face-off versus Mika Zibanejad in New York Rangers zone.
18:20 of 2nd period - Slapshot by Mark Giordano.
18:20 of 2nd period - Shot Misses the Net.
18:22 of 2nd period - Snap shot by T.J. Oshie.
18:22 of 2nd period - Stopped by Semyon Varlamov without a rebound.
18:23 of 2nd period - Auston Matthews wins face-off versus Patrice Bergeron in Detroit Red Wings zone.
18:23 of 2nd period - Auston Matthews is hit by T.J. Oshie.
18:40 of 2nd period - Icing by Conor Garland.
18:41 of 2nd period - Mika Zibanejad wins face-off versus Patrice Bergeron in New York Rangers zone.
18:56 of 2nd period - Wrist shot by Mika Zibanejad.
18:56 of 2nd period - Deflect By Jared McCann.
18:56 of 2nd period - Shot Misses the Net.
18:56 of 2nd period - Puck is out of play.
18:57 of 2nd period - Nathan MacKinnon wins face-off versus Auston Matthews in New York Rangers zone.
19:24 of 2nd period - Jake McCabe is hit by Tyler Ennis and loses puck.
19:49 of 2nd period - T.J. Oshie is hit by Mika Zibanejad and loses puck.
Goals for this period are 0 for Detroit Red Wings vs 0 for New York Rangers.
Shots for this period are 9 for Detroit Red Wings vs 5 for New York Rangers.
3rd period
0:01 of 3rd period - Nathan MacKinnon wins face-off versus Auston Matthews in neutral zone.
0:45 of 3rd period - Minor Penalty to Mark Giordano for Goalie Interference.
0:46 of 3rd period - Auston Matthews wins face-off versus Mikael Granlund in New York Rangers zone.
1:23 of 3rd period - Snap shot by Mika Zibanejad.
1:23 of 3rd period - Shot Misses the Net.
1:41 of 3rd period - Snap shot by Sean Couturier.
1:41 of 3rd period - Shot Misses the Net.
1:43 of 3rd period - Snap shot by Mika Zibanejad.
1:43 of 3rd period - Stopped by Igor Shesterkin without a rebound.
1:44 of 3rd period - Mikael Granlund wins face-off versus Auston Matthews in New York Rangers zone.
1:57 of 3rd period - Slapshot by Blake Wheeler.
1:57 of 3rd period - Shot Blocked by Auston Matthews.
2:45 of 3rd period - Penalty to Mark Giordano is over, Mark Giordano is back on ice.
2:52 of 3rd period - Minor Penalty to David Kampf for Charging.
2:53 of 3rd period - Mika Zibanejad wins face-off versus Nathan MacKinnon in New York Rangers zone.
3:19 of 3rd period - MacKenzie Weegar is hit by Nathan MacKinnon and loses puck.
3:36 of 3rd period - Minor Penalty to Adam Larsson for Holding Stick.
3:37 of 3rd period - Mika Zibanejad wins face-off versus Nathan MacKinnon in New York Rangers zone.
4:43 of 3rd period - Nathan MacKinnon is hit by Jonathan Huberdeau and loses puck.
4:52 of 3rd period - Penalty to David Kampf is over, David Kampf is back on ice.
5:36 of 3rd period - Penalty to Adam Larsson is over, Adam Larsson is back on ice.
6:14 of 3rd period - Slapshot by Jamie Drysdale.
6:14 of 3rd period - Stopped by Igor Shesterkin without a rebound.
6:15 of 3rd period - Auston Matthews wins face-off versus Mikael Granlund in New York Rangers zone.
6:18 of 3rd period - Wrist shot by Auston Matthews.
6:18 of 3rd period - Shot Blocked by Cole Caufield.
6:30 of 3rd period - MacKenzie Weegar is hit by Adam Larsson and loses puck.
6:54 of 3rd period - Snap shot by Tyler Ennis.
6:54 of 3rd period - Shot Misses the Net.
7:08 of 3rd period - Snap shot by Mika Zibanejad.
7:08 of 3rd period - Stopped by Igor Shesterkin without a rebound.
7:09 of 3rd period - Mika Zibanejad wins face-off versus Patrice Bergeron in New York Rangers zone.
7:10 of 3rd period - Backhand shot by Jared McCann.
7:10 of 3rd period - Stopped by Igor Shesterkin without a rebound.
7:11 of 3rd period - Mika Zibanejad wins face-off versus Mikael Granlund in New York Rangers zone.
7:18 of 3rd period - Wrist shot by Mika Zibanejad.
7:18 of 3rd period - Stopped by Igor Shesterkin without a rebound.
7:19 of 3rd period - Mika Zibanejad wins face-off versus Eric Robinson in New York Rangers zone.
7:20 of 3rd period - Backhand shot by Jared McCann.
7:20 of 3rd period - Stopped by Igor Shesterkin without a rebound.
7:21 of 3rd period - Mikael Granlund wins face-off versus Auston Matthews in New York Rangers zone.
7:28 of 3rd period - Slapshot by Mikael Granlund.
7:28 of 3rd period - Shot Misses the Net.
7:30 of 3rd period - Slapshot by Cam Fowler.
7:30 of 3rd period - Stopped by Semyon Varlamov with a rebound.
7:36 of 3rd period - Snap shot by Mikael Granlund.
7:36 of 3rd period - Stopped by Semyon Varlamov without a rebound.
7:37 of 3rd period - Patrice Bergeron wins face-off versus Mika Zibanejad in Detroit Red Wings zone.
7:52 of 3rd period - Snap shot by Patrice Bergeron.
7:52 of 3rd period - Shot Misses the Net.
8:13 of 3rd period - Snap shot by Blake Wheeler.
8:13 of 3rd period - Stopped by Semyon Varlamov with a rebound.
8:19 of 3rd period - Cam Fowler is hit by Arthur Kaliyev.
8:33 of 3rd period - Blake Wheeler is hit by Arthur Kaliyev and loses puck.
8:38 of 3rd period - Wrist shot by Auston Matthews.
8:38 of 3rd period - Shot Misses the Net.
8:40 of 3rd period - Slapshot by Kris Letang.
8:40 of 3rd period - Deflect By Arthur Kaliyev.
8:40 of 3rd period - Stopped by Igor Shesterkin without a rebound.
8:41 of 3rd period - Sean Couturier wins face-off versus Patrice Bergeron in New York Rangers zone.
8:44 of 3rd period - Snap shot by Jared McCann.
8:44 of 3rd period - Shot Misses the Net.
9:07 of 3rd period - Keith Yandle is hit by Mikael Granlund and loses puck.
10:57 of 3rd period - Slapshot by Patrice Bergeron.
10:57 of 3rd period - Stopped by Semyon Varlamov without a rebound.
10:58 of 3rd period - Brock Nelson wins face-off versus Patrice Bergeron in Detroit Red Wings zone.
11:07 of 3rd period - Off-side.
11:08 of 3rd period - Brock Nelson wins face-off versus Patrice Bergeron in neutral zone.
11:11 of 3rd period - Wrist shot by Brock Nelson.
11:11 of 3rd period - Shot Misses the Net.
12:01 of 3rd period - Minor Penalty to Jared McCann for Hooking.
12:02 of 3rd period - Patrice Bergeron wins face-off versus Auston Matthews in Detroit Red Wings zone.
13:23 of 3rd period - Icing by Adam Larsson.
13:24 of 3rd period - Auston Matthews wins face-off versus T.J. Oshie in New York Rangers zone.
13:56 of 3rd period - Mika Zibanejad is hit by Nathan MacKinnon and loses puck.
14:01 of 3rd period - Penalty to Jared McCann is over, Jared McCann is back on ice.
14:16 of 3rd period - Michael Del Zotto is hit by Carl Hagelin.
14:29 of 3rd period - Minor Penalty to Adam Larsson for Hooking.
14:30 of 3rd period - Mikael Granlund wins face-off versus Brock Nelson in New York Rangers zone.
14:44 of 3rd period - Snap shot by Auston Matthews.
14:44 of 3rd period - Stopped by Igor Shesterkin without a rebound.
14:45 of 3rd period - Mika Zibanejad wins face-off versus Mikael Granlund in New York Rangers zone.
15:12 of 3rd period - Brock Nelson is hit by Cam Fowler and loses puck.
16:29 of 3rd period - Penalty to Adam Larsson is over, Adam Larsson is back on ice.
16:42 of 3rd period - Wrist shot by David Kampf.
16:42 of 3rd period - Shot Blocked by Jason Zucker.
17:09 of 3rd period - Jamie Drysdale is hit by Conor Garland and loses puck.
17:24 of 3rd period - Arthur Kaliyev is hit by Nathan MacKinnon and loses puck.
17:42 of 3rd period - Icing by T.J. Oshie.
17:43 of 3rd period - Brock Nelson wins face-off versus Patrice Bergeron in New York Rangers zone.
17:50 of 3rd period - Snap shot by Brock Nelson.
17:50 of 3rd period - Deflect By Tyler Ennis.
17:50 of 3rd period - Stopped by Igor Shesterkin with a rebound.
17:52 of 3rd period - Slapshot by Michael Del Zotto.
17:52 of 3rd period - Stopped by Igor Shesterkin without a rebound.
17:53 of 3rd period - Nick Ritchie wins face-off versus Mikael Granlund in New York Rangers zone.
17:54 of 3rd period - Wrist shot by Tyler Ennis.
17:54 of 3rd period - Stopped by Igor Shesterkin without a rebound.
17:55 of 3rd period - Brock Nelson wins face-off versus Mikael Granlund in New York Rangers zone.
17:56 of 3rd period - Slapshot by Tyler Ennis.
17:56 of 3rd period - Shot Misses the Net.
18:25 of 3rd period - Slapshot by Jonathan Huberdeau.
18:25 of 3rd period - Shot Misses the Net.
18:27 of 3rd period - Slapshot by Keith Yandle.
18:27 of 3rd period - Stopped by Igor Shesterkin with a rebound.
18:29 of 3rd period - Wrist shot by Arthur Kaliyev.
18:29 of 3rd period - Stopped by Igor Shesterkin with a rebound.
18:31 of 3rd period - Slapshot by Keith Yandle.
18:31 of 3rd period - Shot Misses the Net.
19:05 of 3rd period - Wrist shot by Patrice Bergeron.
19:05 of 3rd period - Stopped by Semyon Varlamov with a rebound.
19:07 of 3rd period - Wrist shot by Conor Garland.
19:07 of 3rd period - Deflect By T.J. Oshie.
19:07 of 3rd period - Stopped by Semyon Varlamov without a rebound.
19:08 of 3rd period - Brock Nelson wins face-off versus Patrice Bergeron in Detroit Red Wings zone.
19:23 of 3rd period - Wrist shot by Brock Nelson.
19:23 of 3rd period - Stopped by Igor Shesterkin with a rebound.
Goals for this period are 0 for Detroit Red Wings vs 0 for New York Rangers.
Shots for this period are 14 for Detroit Red Wings vs 6 for New York Rangers.
Back to the Top